 Dungeon Crawl Stone Soup version 0.19.5 (webtiles) character file.

1201 McKennaii the Magician (level 8, 0/42 HPs)
             Began as a Deep Elf Fire Elementalist on May 12, 2017.
             Killed from afar by Pikel (9 damage)
             ... with a wand of acid
             ... on level 5 of the Dungeon.
             The game lasted 00:19:00 (5149 turns).

McKennaii the Magician (Deep Elf Fire Elementalist) Turns: 5149, Time: 00:19:00

Health: 0/42       AC:  4    Str:  5    XL:     8   Next: 21%
Magic:  15/21      EV: 13    Int: 23    God:
Gold:   251        SH:  0    Dex: 15    Spells: 4 memorised, 11 levels left

rFire  . . .     SeeInvis .     i - +0 quarterstaff
rCold  . . .     Gourm    .     x - +2 robe {rN+}
rNeg   + . .     Faith    .     (shield currently unavailable)
rPois  .         Spirit   .     g - +2 hat
rElec  .         Reflect  .     m - +1 cloak
rCorr  .         Harm     .     (no gloves)
MR     .....                    (no boots)
Stlth  ++........               (no amulet)
                                (no ring)
                                (no ring)

@: corroded
A: no striking features
a: no special abilities


You were on level 5 of the Dungeon.
You were hungry.

You visited 1 branch of the dungeon, and saw 5 of its levels.

You collected 251 gold pieces.

Inventory:

Hand Weapons
 i - a +0 quarterstaff (weapon)
Armour
 g - a +2 hat (worn)
 m - a +1 cloak (worn)
 x - a +2 robe of positive energy (worn)
Jewellery
 a - the amulet "Emmaxtey" {Spirit *Corrode Dex+5}
   (You found it on level 4 of the Dungeon)

   [amulet of guardian spirit]

   It causes incoming damage to be split between your health and magic.
   It affects your dexterity (+5).
   It may corrode you when you take damage.
 y - an uncursed ring of ice
Scrolls
 j - 3 scrolls of identify
 k - 2 scrolls of magic mapping
 l - 2 scrolls of remove curse
 q - a scroll of recharging
 u - 3 scrolls of teleportation
Potions
 e - 3 potions of might
 f - 2 potions of heal wounds {unknown}
 h - 2 potions of flight {unknown}
 n - a potion of brilliance {unknown}
 r - a potion of berserk rage
 s - a potion of cure mutation {unknown}
 t - a potion of degeneration {unknown}
 w - a potion of resistance {unknown}
 z - a potion of haste {unknown}
Books
 b - a book of Flames

   Spells                             Type                      Level
   a - Flame Tongue                   Conjuration/Fire             1
   b - Throw Flame                    Conjuration/Fire             2
   c - Conjure Flame                  Conjuration/Fire             3
   d - Inner Flame                    Hexes/Fire                   3
   e - Sticky Flame                   Conjuration/Fire             4
   f - Fireball                       Conjuration/Fire             5
Comestibles
 c - 7 bread rations
 d - 2 slices of pizza
 p - a beef jerky
 A - 2 meat rations


   Skills:
 + Level 0.7 Fighting
 + Level 0.8 Staves
 + Level 2.8 Dodging
 + Level 3.6 Stealth
 + Level 7.9 Spellcasting
 + Level 6.1 Conjurations
 + Level 6.2 Fire Magic


You had 11 spell levels left.
You knew the following spells:

 Your Spells              Type           Power        Failure   Level  Hunger
a - Flame Tongue          Conj/Fire      #####        1%          1    None
b - Throw Flame           Conj/Fire      #####.       1%          2    None
c - Conjure Flame         Conj/Fire      #####...     1%          3    None
f - Fireball              Conj/Fire      #####.....   17%         5    #####..


Dungeon Overview and Level Annotations

Branches:
Dungeon (5/15)
 Temple: D:4-7

Altars:
Uskayaw
Xom

Annotations:
D:4 Eustachio
D:5 Pikel


Message History

Press: ? - help, Shift-Dir - straight line, f/p - Pikel
Aim: Pikel, wielding a whip of flaming, wearing a robe and carrying a wand of acid {zapped: 1} (heavily wounded)
The flame tongue misses Pikel.
Casting: Flame Tongue
Confirm with . or Enter, or press ? or * to list all spells.
Aiming: Flame Tongue
Press: ? - help, Shift-Dir - straight line, f/p - Pikel
Aim: Pikel, wielding a whip of flaming, wearing a robe and carrying a wand of acid {zapped: 1} (heavily wounded)
The flame tongue hits Pikel.
Pikel is heavily wounded.
Pikel zaps a wand.
The bolt of acid misses you.
Casting: Flame Tongue
Confirm with . or Enter, or press ? or * to list all spells.
Aiming: Flame Tongue
Press: ? - help, Shift-Dir - straight line, f - slave
Aim: a slave, wearing an animal skin
Okay, then.
A gnoll comes into view. It is wielding a spear.
Pikel zaps a wand.
The bolt of acid hits you!
You die...

.#...#......######..........#
.#...#......#....#..........#
.#...#......#....#..........#
.#...#......#....#..........#
.#####......#....##'###.....#
.......#....##...#.....#
.......#.........#.....#
.......#.........#.....#
.......#...@######§....#
.......#....##...#.....#
..$....#.........#....>#
#.....p#.........#.....#
#.....K§.........#.....#
+.....g###########.....#
#.....p..........K.....#
#.............<........#
#..p......................


You could see Pikel, a slave and a gnoll.

Vanquished Creatures
  The ghost of toffzen the Grave Robber, an amateur DDNe (D:4)
  Duvessa (D:4)
  An ogre (D:4)
  Dowan (D:4)
  A howler monkey (D:4)
  A centaur zombie (D:5)
  3 bullfrog skeletons
  A hound (D:4)
  An orc priest (D:4)
  5 orc wizards
  A centaur skeleton (D:5)
  Jessica (D:3)
  2 iguanas
  Natasha (thrice) (D:3)
  Terence (D:3)
  A worker ant (D:4)
  2 hound skeletons (D:4)
  8 adders
  3 gnolls (D:3)
  An ooze (D:2)
  2 worms
  2 dart slugs
  5 leopard geckos
  18 orcs
  2 ball pythons
  5 giant cockroaches
  13 goblins
  6 hobgoblins
  3 jackals (D:4)
  3 quokkas
  7 bats
  11 frilled lizards
  5 kobolds (D:2)
  10 rats
131 creatures vanquished.

Vanquished Creatures (others)
  A worker ant (D:4)
  A giant cockroach (D:4)
2 creatures vanquished.

Grand Total: 133 creatures vanquished

Notes
Turn   | Place    | Note
-------+----------+-------------------------------------------
     0 | D:1      | McKennaii the Deep Elf Fire Elementalist began the quest for the Orb.
     0 | D:1      | Reached XP level 1. HP: 10/10 MP: 6/6
    58 | D:1      | Reached XP level 2. HP: 15/15 MP: 2/8
   572 | D:1      | Reached XP level 3. HP: 19/19 MP: 6/10
   623 | D:2      | Learned a level 2 spell: Throw Flame
   627 | D:2      | Learned a level 3 spell: Conjure Flame
   858 | D:2      | Reached skill level 4 in Spellcasting
   919 | D:2      | Reached XP level 4. HP: 24/24 MP: 8/12
  1486 | D:3      | Noticed Natasha
  1489 | D:3      | Killed Natasha
  1600 | D:3      | Noticed Natasha
  1605 | D:3      | Killed Natasha
  1605 | D:3      | Reached XP level 5. HP: 9/28 MP: 7/13
  1618 | D:3      | Learned a level 5 spell: Fireball
  1925 | D:3      | Reached skill level 5 in Spellcasting
  1965 | D:3      | Reached skill level 5 in Fire Magic
  2051 | D:3      | Noticed Terence
  2076 | D:3      | Killed Terence
  2187 | D:3      | Noticed Jessica
  2188 | D:3      | Killed Jessica
  2188 | D:3      | Reached XP level 6. HP: 32/32 MP: 12/16
  2336 | D:3      | Noticed Natasha
  2340 | D:3      | Killed Natasha
  2543 | D:4      | Noticed Dowan
  2551 | D:4      | Noticed Duvessa
  2614 | D:4      | Noticed Eustachio
  2623 | D:4      | Noticed toffzen's ghost (amateur DDNe)
  2658 | D:4      | Killed toffzen's ghost
  2658 | D:4      | Reached skill level 6 in Spellcasting
  2802 | D:4      | Reached XP level 7. HP: 21/37 MP: 11/18
  2941 | D:4      | Killed Duvessa
  2948 | D:4      | Killed Dowan
  2948 | D:4      | Reached skill level 5 in Conjurations
  3171 | D:4      | Got a warped silver amulet
  3213 | D:4      | Reached skill level 7 in Spellcasting
  3247 | D:4      | Identified the amulet "Emmaxtey" {Spirit *Corrode Dex+5} (You found it on level 4 of the Dungeon)
  3453 | D:4      | Found a shimmering altar of Xom.
  3509 | D:4      | Found a hide-covered altar of Uskayaw.
  3511 | D:4      | Noticed a dagger
  3511 | D:4      | Noticed a hand axe
  3576 | D:4      | Reached XP level 8. HP: 42/42 MP: 8/21
  4042 | D:5      | Entered Level 5 of the Dungeon
  4074 | D:5      | Noticed Pikel
  5149 | D:5      | Killed from afar by Pikel

Skill      XL: |  1  2  3  4  5  6  7  8 |
---------------+-------------------------+-----
Fire Magic     | 4 5 6 |  6.2
Spellcasting   | 4 5 6 7 |  7.9
Conjurations   | 2 3 4 5 6 |  6.1
Stealth        | 3 |  3.6
Fighting       | |  0.7
Staves         | |  0.8
Dodging        | |  2.8

Action                   |  1- 3 |  4- 6 |  7- 9 || total
-------------------------+-------+-------+-------++-------
Melee: Quarterstaff      |       |     2 |     1 ||     3
 Cast: Flame Tongue      |    71 |   115 |    97 ||   283
       Throw Flame       |       |    10 |    13 ||    23
       Conjure Flame     |       |     3 |     4 ||     7
  Use: Scroll            |     2 |     3 |     4 ||     9
  Eat: Chunk             |       |     4 |     8 ||    12
Armor: Robe              |     5 |    12 |    10 ||    27
Dodge: Dodged            |    21 |    16 |    16 ||    53
